Map: King Sejong Station LE

Players

Zasa

  • Race: Protoss Protoss
  • League: Grandmaster

Miszu - Winner!

  • Race: Protoss Protoss
  • League: Master

VOD

Have the link to the VOD?

Description

Time

  • Played on: June 28, 2016, 7:08 a.m.
  • Length: 6:32
Show
View Real Time Build Order
Export as new Build Order

Zasa Protoss 

Build Orders: Oracle Opening 

Get SALT Encoding   

  12  0:02  Probe (Chrono Boost)  
  13  0:12  Probe (Chrono Boost)  
  14  0:19  Pylon  
  14  0:23  Probe (Chrono Boost)  
  15  0:37  Gateway, Probe (Chrono Boost)  
  15  0:42  Assimilator  
  16  0:48  Probe (Chrono Boost)  
  17  0:54  Assimilator  
  17  0:58  Probe (Chrono Boost)  
  18  1:09  Probe (Chrono Boost)  
  19  1:14  Pylon  
  19  1:19  Probe (Chrono Boost)  
  19  1:25  Cybernetics Core  
  20  1:30  Probe (Chrono Boost)  
  21  1:40  Probe (Chrono Boost)  
  21  1:44  Pylon  
  22  1:51  Probe (Chrono Boost)  
  23  2:01  Probe (Chrono Boost)  
  23  2:02  Stargate  
  23  2:06  Stalker (Chrono Boost)  
  26  2:10  Warp Gate  
  27  2:26  Gateway  
  26  2:32  Stalker (Chrono Boost)  
  28  2:45  Oracle (Chrono Boost)  
  28  2:47  Gateway  
  31  2:56  Gateway  
  25  3:30  Probe  
  26  3:42  Probe  
  26  3:45  Void Ray (Chrono Boost)  
  28  4:13  Stalker  
  28  4:14  Stalker x3  
  36  4:19  Pylon  
  36  4:37  Sentry  
  36  4:38  Stalker  
  38  4:46  Stalker  
  40  4:53  Stalker  
  40  4:55  Probe (Chrono Boost)  
  43  5:06  Probe (Chrono Boost)  
  43  5:11  Adept x2  
  47  5:22  Pylon  
  47  5:43  Stalker x2  
  47  5:44  Sentry  
  47  5:48  Adept  
  55  5:54  Pylon  
  55  6:15  Stalker x2  
Show
View Real Time Build Order
Export as new Build Order

Miszu Protoss - Winner!

Build Orders:  

Get SALT Encoding   

  12  0:01  Probe (Chrono Boost)  
  13  0:11  Probe (Chrono Boost)  
  14  0:17  Pylon  
  14  0:22  Probe (Chrono Boost)  
  15  0:35  Probe (Chrono Boost)  
  16  0:36  Gateway  
  16  0:46  Probe (Chrono Boost)  
  16  0:47  Assimilator  
  17  0:56  Assimilator, Probe (Chrono Boost)  
  18  1:07  Probe (Chrono Boost)  
  19  1:15  Gateway  
  19  1:17  Probe (Chrono Boost)  
  20  1:24  Cybernetics Core  
  20  1:29  Probe (Chrono Boost)  
  21  1:37  Pylon  
  21  1:40  Probe (Chrono Boost)  
  22  2:01  Adept x2  
  24  2:02  Warp Gate (Chrono Boost)  
  24  2:05  Mothership Core (Chrono Boost)  
  28  2:13  Pylon  
  28  2:28  Stalker  
  30  2:31  Stalker  
  32  2:37  Pylon  
  32  2:46  Probe (Chrono Boost)  
  33  3:04  Stalker x2  
  33  3:34  Stalker x2  
  35  3:37  Twilight Council  
  35  3:40  Probe (Chrono Boost)  
  36  3:49  Gateway  
  36  3:50  Probe (Chrono Boost)  
  37  4:14  Blink (Chrono Boost)  
  37  4:16  Stalker  
  37  4:17  Stalker  
  41  4:20  Pylon  
  41  4:24  Pylon  
  40  4:41  Sentry, Pylon, Stalker  
  44  4:47  Stalker  
  46  5:10  Stalker x3  
  52  5:14  Pylon  
  52  5:34  Stalker x2  
  56  5:36  Stalker  
  58  6:00  Stalker x2  
  62  6:07  Pylon  
Tags
 
Add a new tag
Caveats
  • Supply blocks, unpowered buildings, or Contaminate may cause inaccurate times.
  • Supply counts are checked every 10 seconds.